 Dungeon Crawl Stone Soup version 0.28.0 (webtiles) character file.

Game seed: 6341055102133150712

1120 boopmooplesden the Slasher (level 8, -9/70 HPs)
             Began as a Minotaur Fighter on Feb 16, 2022.
             Mangled by an ogre (22 damage)
             ... on level 5 of the Dungeon.
             The game lasted 00:05:58 (4474 turns).

boopmooplesden the Slasher (Minotaur Fighter)       Turns: 4474, Time: 00:05:58

Health: -9/70      AC: 11    Str: 21    XL:     8   Next: 12%
Magic:  7/7        EV: 10    Int:  5    God:
Gold:   174        SH:  5    Dex: 12    Spells: 7/7 levels left

rFire   . . .      SeeInvis .   b - +5 falchion (holy)
rCold   . . .      Faith    .   c - +0 buckler
rNeg    . . .      Spirit   .   d - +0 scale mail
rPois   .          Reflect  .   (helmet restricted)
rElec   .          Harm     .   p - +2 cloak
rCorr   .          Rampage  .   (no gloves)
Will    .....                   (no boots)
Stlth   ..........              (no amulet)
HPRegen 0.21/turn               (no ring)
MPRegen 0.10/turn               (no ring)

@: no status effects
A: horns 2, retaliatory headbutt
a: no special abilities


You were on level 5 of the Dungeon.
You visited 1 branch of the dungeon, and saw 5 of its levels.

You collected 174 gold pieces.

Inventory:

Hand Weapons
 a - a +2 long sword
 b - a +5 falchion of holy wrath (weapon)
Missiles
 i - 73 stones (quivered)
 q - a throwing net
Armour
 c - a +0 buckler (worn)
 d - a +0 scale mail (worn)
 p - a +2 cloak (worn)
Jewellery
 l - a +6 ring of dexterity
Wands
 r - a wand of paralysis (7)
Scrolls
 f - a scroll of amnesia
 s - a scroll of acquirement {unknown}
 t - a scroll of identify
Potions
 e - a potion of lignification
 g - 2 potions of attraction {unknown}
 h - a potion of ambrosia {unknown}
 j - 4 potions of curing {unknown}
 k - a potion of berserk rage {unknown}
 m - a potion of degeneration {unknown}
 n - a potion of invisibility {unknown}
 o - a potion of mutation {unknown}


   Skills:
 + Level 5.9 Fighting
 + Level 7.7 Long Blades
 + Level 6.6 Armour
 + Level 2.3 Dodging
 + Level 1.0 Stealth
 + Level 5.1 Shields


You had 7 spell levels left.
You didn't know any spells.
Your spell library contained the following spells:

 Spells                   Type           Power      Damage    Failure   Level
 Gell's Gravitas          Tloc           0%         N/A       99%         3
 Lesser Beckoning         Tloc           0%         N/A       99%         3
 Teleport Other           Tloc           0%         N/A       99%         3


Dungeon Overview and Level Annotations

Branches:
Dungeon (5/15)             Temple (0/1) D:4

Altars:
Ashenzari
Gozag


Innate Abilities, Weirdness & Mutations

You have a pair of horns on your head.
You reflexively headbutt those who attack you in melee.


Message History

HP restored.
Things that are here:
a +0 mace; an orc skeleton An ogre comes into view.
It is wielding a +0 giant club.
The ogre shouts!
An ogre comes into view. It is wielding a +0 giant club.
You hit the ogre. Your headbutt misses the ogre.
The ogre is lightly wounded.
You barely miss the ogre. You headbutt the ogre.
The ogre is lightly wounded.
You block the ogre's attack.
You slash the ogre!
The ogre is heavily wounded.
The ogre hits you with a +0 giant club!!
You block the ogre's attack.
You hit the ogre.
The ogre is heavily wounded.
The ogre barely misses you.
You slash the ogre!
The ogre is almost dead.
The ogre hits you with a +0 giant club!!
You slash the ogre!
You kill the ogre!
You block the ogre's attack.
You hit the ogre.
The ogre is lightly wounded.
The ogre hits you with a +0 giant club!
You slash the ogre!
The ogre is heavily wounded.
You hit the ogre.
The ogre is severely wounded.
The ogre barely misses you.
You hit the ogre.
The ogre is almost dead.
The ogre hits you with a +0 giant club!
* * * LOW HITPOINT WARNING * * *
You hit the ogre.
The ogre is almost dead.
The ogre hits you with a +0 giant club!!
You die...

####.#........
.####.#)##.####
......#.##.#
##......#
####.######
#.........#
#.........#
#...##....#
..........@)#
.....#..##..O......
.............##....
####.......### ...
####.#### ## #. . #


You could see an ogre.

Vanquished Creatures
  Eustachio (D:4)
  3 ogres
  A phantom (D:4)
  2 scorpions
  A water moccasin skeleton (D:4)
  2 jellies
  An orc priest (D:5)
  Natasha (thrice) (D:4)
  6 orc wizards
  A hound zombie (D:5)
  6 adders
  An ufetubus (D:4)
  A worm (D:2)
  2 dart slugs
  15 orcs
  5 endoplasms
  A giant cockroach (D:3)
  3 goblins
  4 hobgoblins
  2 jackals (D:2)
  4 quokkas
  9 ball pythons
  6 bats
  5 frilled lizards
  9 kobolds
  6 rats
100 creatures vanquished.

Notes
Turn   | Place    | Note
-------+----------+-------------------------------------------
     0 | D:1      | boopmooplesden the Minotaur Fighter began the quest for the
                  | Orb.
     0 | D:1      | Reached XP level 1. HP: 19/19 MP: 0/0
   413 | D:1      | Reached XP level 2. HP: 16/27 MP: 1/1
  1045 | D:2      | Reached XP level 3. HP: 24/34 MP: 2/2
  1169 | D:2      | Reached skill level 3 in Long Blades
  1539 | D:2      | Reached XP level 4. HP: 36/41 MP: 3/3
  1805 | D:3      | Reached skill level 4 in Long Blades
  1877 | D:3      | Noticed a scorpion
  1885 | D:3      | Killed a scorpion
  1886 | D:3      | Reached XP level 5. HP: 23/47 MP: 4/4
  2199 | D:3      | Found a faded altar of an unknown god.
  2217 | D:3      | Reached skill level 5 in Long Blades
  2221 | D:3      | Reached skill level 1 in Dodging
  2297 | D:3      | Reached skill level 5 in Fighting
  2811 | D:4      | Reached XP level 6. HP: 47/56 MP: 5/5
  2819 | D:4      | Reached skill level 5 in Armour
  2949 | D:4      | Noticed Eustachio
  2974 | D:4      | Killed Eustachio
  2975 | D:4      | Reached skill level 6 in Long Blades
  3236 | D:4      | Found a broken altar of Ashenzari.
  3243 | D:4      | Reached XP level 7. HP: 54/61 MP: 6/6
  3522 | D:4      | Found a staircase to the Ecumenical Temple.
  3529 | D:4      | Noticed Natasha
  3539 | D:4      | Killed Natasha
  3704 | D:4      | Found an opulent altar of Gozag.
  3734 | D:4      | Noticed Natasha
  3740 | D:4      | Killed Natasha
  3741 | D:4      | Reached skill level 7 in Long Blades
  4069 | D:4      | Noticed Natasha
  4076 | D:4      | Killed Natasha
  4170 | D:5      | Entered Level 5 of the Dungeon
  4209 | D:5      | Reached skill level 1 in Stealth
  4225 | D:5      | Reached skill level 5 in Shields
  4233 | D:5      | Reached XP level 8. HP: 39/70 MP: 7/7
  4474 | D:5      | Mangled by an ogre

Illustrated notes

Levels and vault maps discovered:
D:1:      dpeg_arrival_more_subterranean_lakeside_camping, layout_rooms
D:2:      layout_rooms, minmay_unequal
D:3:      layout_loops_ring, hellmonk_ecumenical_altar_blasted
D:4:      layout_cave_pods, nicolae_gozag_seed_capital,
          mainiacjoe_overflow_concentric_impassable, minmay_temple_entry_glass,
          uniq_eustachio, uniq_natasha
D:5:      layout_loops_cross, trog_book, serial_shops, nicolae_shop_trees,
          chequers_ossuary_entry_cave

Skill      XL: |  1  2  3  4  5  6  7 |
---------------+----------------------+-----
Fighting       | 4 5 |  5.9
Armour         | 4 5 6 |  6.6
Long Blades    | 3 4 5 6 7 |  7.7
Shields        | 4 5 |  5.1
Dodging        | 1 2 |  2.3
Stealth        | 1 |  1.0

Action                   |  1- 3 |  4- 6 |  7- 9 || total
-------------------------+-------+-------+-------++-------
Melee: Long sword        |    79 |    92 |       ||   171
       Headbutt          |     5 |    16 |    10 ||    31
       Falchion          |       |     8 |    81 ||    89
  Use: Scroll            |     3 |     5 |     2 ||    10
       Potion            |       |     1 |       ||     1
Armor: Scale mail        |    46 |    46 |    28 ||   120
Dodge: Dodged            |    49 |    55 |    21 ||   125
Block: Buckler           |    19 |    21 |    12 ||    52
